 Dungeon Crawl Stone Soup version 0.20.1-1-g8b1a95d (webtiles) character file.

152 MovingMist the Ducker (level 5, -5/41 HPs)
             Began as a Demonspawn Gladiator on Nov 20, 2017.
             Was an Initiate of Okawaru.
             Killed from afar by an orc wizard (9 damage)
             ... with a puff of frost
             ... on level 3 of the Dungeon.
             The game lasted 00:05:25 (2747 turns).

MovingMist the Ducker (Demonspawn Gladiator)        Turns: 2747, Time: 00:05:26

Health: -5/41      AC:  8    Str: 14    XL:     5   Next: 11%
Magic:  5/5        EV: 14    Int: 15    God:    Okawaru [......]
Gold:   240        SH:  0    Dex: 15    Spells: 4/4 levels left

rFire    . . .     SeeInvis .   a - +0 long sword
rCold    . . .     Gourm    .   (no shield)
rNeg     + . .     Faith    .   b - +0 leather armour
rPois    .         Spirit   .   c - +0 helmet
rElec    .         Reflect  .   (no cloak)
rCorr    .         Harm     .   h - +0 pair of gloves
MR       .....                  (no boots)
Stlth    +.........             (no amulet)
Regen    0.2/turn               k - ring of positive energy
MPRegen  0.1/turn               m - +5 ring of intelligence

@: no status effects
A: yellow scales 2
a: Renounce Religion


You were on level 3 of the Dungeon.
You worshipped Okawaru.
Okawaru was noncommittal.
You were not hungry.

You visited 1 branch of the dungeon, and saw 4 of its levels.

You collected 240 gold pieces.

Inventory:

Hand Weapons
 a - a +0 long sword (weapon)
Missiles
 d - 3 throwing nets (quivered)
Armour
 b - a +0 leather armour (worn)
 c - a +0 helmet (worn)
 h - a +0 pair of gloves (worn)
Jewellery
 k - a ring of positive energy (left hand)
 m - a +5 ring of intelligence (right hand)
 p - a +3 amulet of reflection {unknown}
Scrolls
 j - 2 scrolls of enchant armour {unknown}
 o - a scroll of remove curse {unknown}
 q - 3 scrolls of identify {unknown}
 r - a scroll of teleportation {unknown}
 u - a scroll of blinking {unknown}
Potions
 e - a potion of berserk rage {unknown}
 i - 2 potions of heal wounds {unknown}
 l - a potion of degeneration {unknown}
 s - a potion of curing {unknown}
Comestibles
 f - 4 bread rations
 g - a meat ration
 n - 5 fruits
 t - a royal jelly
 v - 3 chunks of flesh


   Skills:
 + Level 3.4 Fighting
 + Level 3.3 Long Blades
 - Level 1.7 Throwing
 * Level 4.1 Dodging


You had 4 spell levels left.
You didn't know any spells.

Dungeon Overview and Level Annotations

Branches:
Dungeon (4/15)
 Temple: D:4-7

Altars:
Fedhas
Gozag
Hepliaklqana
Nemelex Xobeh
Okawaru
Qazlal
Ru
The Shining One


Innate Abilities, Weirdness & Mutations

You are mostly covered in yellow scales. (AC +3)


Message History

You closely miss something. Something hits you but does no damage.
You hear some strange, mumbled words.
A magic dart appears from out of thin air!
The magic dart hits you!
* * * LOW HITPOINT WARNING * * *
You hit something. Something hits you but does no damage. Something hits you.
* * * LOW HITPOINT WARNING * * *
You hit something. Something barely misses you.
Something hits you but does no damage.
You hit something but do no damage.
Something hits you but does no damage. x2
You hit something but do no damage. Something hits you but does no damage.
Something hits you.
* * * LOW HITPOINT WARNING * * *
You closely miss something. Something hits you but does no damage.
You hit something. Something hits you.
* * * LOW HITPOINT WARNING * * *
You hear some strange, mumbled words.
A puff of frost appears from out of thin air!
The puff of frost hits you!
You die...

#.# #.#####..#.###.## #.#.#
..# ###.##.......# #..#
#.#.# ..#
#......##....###..###.#.#
..#
#.#.#####.#.#...#.##....#
..#
#.#.#####.#.##.......#..#
.##
##.#.##....#....##.##...##
.# #.......#######.##.###.##
.####....##....#.{..##.###.#
.........#####.#@####...##.#
####.....# #)#.###.....#.#
........<# #...##......#.#
#####....# ##.###......#.#
.........# #............#
######...######.###.########
#######.........# #.#
.........######## #.#
########.# #.#


There were no monsters in sight!

Vanquished Creatures
  4 adders
  3 gnolls
  2 worms (D:2)
  2 dart slugs
  3 leopard geckos
  6 orcs
  A giant cockroach (D:3)
  9 goblins
  5 hobgoblins
  8 jackals
  2 quokkas
  A ball python (D:2)
  9 bats
  A frilled lizard (D:2)
  7 kobolds
  5 rats
68 creatures vanquished.

Notes
Turn   | Place    | Note
-------+----------+-------------------------------------------
     0 | D:1      | MovingMist the Demonspawn Gladiator began the quest for the Orb.
     0 | D:1      | Reached XP level 1. HP: 16/16 MP: 1/1
   204 | D:1      | Gained mutation: You are partially covered in yellow scales. (AC +2) [demonic ancestry]
   204 | D:1      | Reached XP level 2. HP: 13/23 MP: 2/2
   206 | D:1      | Reached skill level 3 in Dodging
   744 | D:1      | Reached XP level 3. HP: 26/28 MP: 3/3
  1133 | D:2      | Reached XP level 4. HP: 29/35 MP: 4/4
  2187 | D:3      | Found a blossoming altar of Fedhas.
  2201 | D:3      | Found an iron altar of Okawaru.
  2205 | D:3      | Became a worshipper of Warmaster Okawaru
  2212 | D:3      | Found a sacrificial altar of Ru.
  2219 | D:3      | Found an opulent altar of Gozag.
  2224 | D:3      | Found a stormy altar of Qazlal.
  2231 | D:3      | Found a glowing golden altar of the Shining One.
  2236 | D:3      | Found a sparkling altar of Nemelex Xobeh.
  2469 | D:3      | Reached skill level 4 in Dodging
  2469 | D:3      | Gained mutation: You are mostly covered in yellow scales. (AC +3) [demonic ancestry]
  2469 | D:3      | Reached XP level 5. HP: 29/41 MP: 5/5
  2649 | D:3      | Found a hazy altar of Hepliaklqana.
  2747 | D:3      | Killed from afar by an orc wizard

Skill      XL: |  1  2  3  4 |
---------------+-------------+-----
Dodging        | 3 4 |  4.1
Long Blades    | 3 |  3.3
Fighting       | 3 |  3.4
Throwing       | |  1.7

Action                   |  1- 3 |  4- 6 || total
-------------------------+-------+-------++-------
Melee: Long sword        |    89 |   136 ||   225
Throw: Throwing net      |     1 |       ||     1
 Stab: Sleeping          |     3 |     2 ||     5
       Held in net/web   |     1 |       ||     1
  Eat: Chunk             |     1 |     5 ||     6
Armor: Leather armour    |    35 |    44 ||    79
Dodge: Dodged            |    68 |   111 ||   179
       Rpst.: Long sword |    24 |    35 ||    59
